[Event "*** Titled Tuesday 3|2 Blitz (Late)"]
[Site "Chess.com"]
[Date "2017.01.03"]
[Round "6"]
[White "Houdinovic"]
[Black "pedromartinez91"]
[Result "1-0"]
[WhiteElo "2341"]
[BlackElo "2291"]
[TimeControl "180+2"]
[EndTime "18:08:29 PST"]
[Termination "Houdinovic won by resignation"]

1. e4 c6 2. d4 Na6 3. Nf3 g6 4.
c3 Nc7 5. Nbd2 d5 6. h3 Bg7 7. Bd3 Nh6 8. O-O O-O 9. Re1 dxe4 10. Nxe4 Nf5 11. Bf4 Nd6 12. Qd2 Nxe4 13. Bxe4 Be6 14. Bh6 Bd5 15. Bxd5 cxd5 16. h4 e6 17. h5 Ne8 18. hxg6 hxg6 19. g3 Qf6 20. Kg2 Nd6 21. Rh1 Ne4 22. Qe3 Bxh6 23. Rxh6 Kg7 24. Rah1 Rh8 25.
Ne5 Ng5 26. Rxh8 Rxh8 27. Rxh8 Kxh8 28. Qxg5 Qxg5 29. Nxf7+ 1-0

[Event "*** Titled Tuesday 3|2 Blitz (Late)"]
[Site "Chess.com"]
[Date "2017.01.03"]
[Round "6"]
[White "Gordima"]
[Black "Caminator2000"]
[Result "0-1"]
[WhiteElo "2483"]
[BlackElo "2235"]
[TimeControl "180+2"]
[EndTime "18:08:44 PST"]
[Termination "Caminator2000 won by resignation"]

1. e4 c5 2. f4 e6 3. Nf3 d5 4. Bb5+ Nc6 5. Qe2 dxe4 6. Ne5 Qc7 7.
Qxe4 Nf6 8. Qf3 Bd6 9. Nxc6 a6 10. Nd4+ Kf8 11. Bc4 cxd4 12. d3 h5 13. O-O h4 14.
Nd2 Bd7 15. Ne4 Nxe4 16. Qxe4 Bc6 17. Qxd4 h3 18. g3 Rh5 19. Qf2 b5 20. Bb3 Bb7 21.
d4 Qc6 22. d5 Rxd5 23. Qf3 Bc5+ 24. Be3 Bxe3+ 25. Qxe3 Rd1 26. Qe2 Qh1+ 27. Kf2 Qg2+ 28. Ke3 Qe4+ 29. Kf2 Qd4+ 0-1

[Event "*** Titled Tuesday 3|2 Blitz (Late)"]
[Site "Chess.com"]
[Date "2017.01.03"]
[Round "6"]
[White "flubs"]
[Black "Shivagami"]
[Result "1-0"]
[WhiteElo "2233"]
[BlackElo "2006"]
[TimeControl "180+2"]
[EndTime "18:08:55 PST"]
[Termination "flubs won by resignation"]

1. d4 Nf6 2. c4 g6 3. g3 c6 4. Nf3 Bg7 5. Bg2 d5 6. cxd5 cxd5 7.
O-O O-O 8. Nc3 Nc6 9. Ne5 Qb6 10. Na4 Qc7 11. Nxc6 bxc6 12. Bf4 Qa5 13. Be5 Nd7 14. Bxg7 Kxg7 15. Rc1 Bb7 16. a3 Rab8 17. Nc5 Nxc5 18.
Rxc5 Qb6 19. Qc2 Ba8 20. b4 f6 21. Rc1 e5 22. Qc3 e4 23. e3 f5 24. Bf1 g5 25.
Ra5 Rf6 26. Qc5 Qc7 27. Rxa7 Rb7 28. Rxa8 f4 29. Ra6 fxg3 30. fxg3 Qf7 31. Rxc6 Rf2 32. Qd6 Qf3 33. Rc7+ Rxc7 34. Rxc7+ Kg8 35. Qd8+ 1-0

[Event "*** Titled Tuesday 3|2 Blitz (Late)"]
[Site "Chess.com"]
[Date "2017.01.03"]
[Round "6"]
[White "macko06"]
[Black "Elshan1985"]
[Result "0-1"]
[WhiteElo "2300"]
[BlackElo "2602"]
[TimeControl "180+2"]
[EndTime "18:09:02 PST"]
[Termination "Elshan1985 won by resignation"]

1. d4 Nf6 2. Nf3 e6 3. Bf4 b6 4. e3 Bb7 5. Bd3 d6 6. O-O Nbd7 7. h3 Qe7 8. Bh2 g5 9. Nxg5 Rg8 10. Nf3 e5 11. dxe5 dxe5 12. Be2 O-O-O 13. Nbd2 Nc5 14. Qe1 Bh6 15. Rd1 Nd5 16. Bc4 Nb4 17. Qe2 Nxc2 18.
Nb3 Rxd1 19. Rxd1 Nxb3 20. Bxb3 Nb4 21. a3 Na6 22. Bc4 Nc5 23. Bd5 Bxd5 24. Rxd5 f6 25. b4 Nb7 26. Qc4 Rd8 27. e4 Rxd5 28. Qxd5 Qd7 29.
Qxd7+ Kxd7 30. Kf1 a5 31. g3 a4 32. Ne1 Nd6 33.
Nd3 Nc4 34. f4 exf4 35. gxf4 Nxa3 36. Bg1 Nc2 37. Ke2 a3 38. Nc1 Bxf4 39. Na2 Bd6 40. b5 Nb4 41. Nxb4 Bxb4 42. Bd4 Ke6 43. Kd3 Bd6 44. Kc4 Be5 0-1

[Event "*** Titled Tuesday 3|2 Blitz (Late)"]
[Site "Chess.com"]
[Date "2017.01.03"]
[Round "6"]
[White "ChristopherYoo"]
[Black "nickmatta"]
[Result "1-0"]
[WhiteElo "2062"]
[BlackElo "2311"]
[TimeControl "180+2"]
[EndTime "18:09:04 PST"]
[Termination "ChristopherYoo won by resignation"]

1. e4 e5 2. Nf3 Nc6 3. Bb5 Bc5 4. O-O Nd4 5. Nxd4 Bxd4 6. c3 Bb6 7. d4 c6 8. Ba4 d6 9. Be3 Nf6 10. Nd2 Ng4 11. Qf3 O-O 12. Nc4 Nxe3 13. fxe3 Bc7 14. Bc2 Qe7 15. Rad1 b5 16. Nd2 a5 17. Qg3 a4 18. Nf3 Be6 19. d5 Bd7 20. Nh4 Bb6 21.
dxc6 Be6 22. Nf5 Bxf5 23. exf5 f6 24. Be4 Kh8 25. Bd5 Qa7 26. Rd3 Rac8 27. Kh1 Qe7 28.
e4 Qa7 29. Qh4 Rfe8 30. Qxh7+ 1-0

[Event "*** Titled Tuesday 3|2 Blitz (Late)"]
[Site "Chess.com"]
[Date "2017.01.03"]
[Round "6"]
[White "gmcorrales"]
[Black "Buffy7"]
[Result "0-1"]
[WhiteElo "2497"]
[BlackElo "2504"]
[TimeControl "180+2"]
[EndTime "18:09:26 PST"]
[Termination "Buffy7 won by resignation"]

1. d4 Nf6 2. Nf3 d5 3. c4 c6 4. Nc3 dxc4 5. a4 Bf5 6. Ne5 Nbd7 7. Nxc4 Nb6 8. Ne5 a5 9. g3 e6 10. Bg2 Bb4 11. O-O O-O 12. h3 h6 13. g4 Bh7 14. g5 hxg5 15. Bxg5 Be7 16. e3 Nfd5 17.
Bxe7 Qxe7 18. Qg4 Nd7 19. Bxd5 Nxe5 20. dxe5 cxd5 21. Rfc1 f6 22. Nb5 fxe5 23. Rc7 Qf6 24. Qg3 Be4 25. Rac1 Qh6 26. Kf1 Rf3 27. Qxe5 Raf8 28.
Ke1 Rxe3+ 29. Kd1 Rd3+ 30. Kc2 Rxh3+ 31. Kd1 Rh1+ 32. Ke2 Rxc1 33. Rxc1 Qxc1 34. Qxe6+ Kh7 0-1

[Event "*** Titled Tuesday 3|2 Blitz (Late)"]
[Site "Chess.com"]
[Date "2017.01.03"]
[Round "6"]
[White "chesstatour"]
[Black "Andrejkin"]
[Result "0-1"]
[WhiteElo "1785"]
[BlackElo "2199"]
[TimeControl "180+2"]
[EndTime "18:09:39 PST"]
[Termination "Andrejkin won on time"]

1. c4 e5 2. Nc3 Nf6 3. Nf3 Nc6 4.
d4 exd4 5. Nxd4 Bb4 6. g3 O-O 7. Bg2 Bxc3+ 8. bxc3 Ne5 9. c5 Qe7 10. Be3 Neg4 11. Nf5 Qe5 12. Qd3 Nxe3 13. Nxe3 Qxc5 14. O-O Re8 15. Rfd1 Rb8 16. Rab1 b6 17. Qd4 Qxd4 18.
cxd4 Ba6 19. Rb2 c6 20. Bf3 d5 21. Rc1 Re6 22. Ng4 Nxg4 23. Bxg4 Rd6 24. Rbc2 Bb5 25. Bf3 g5 26. e3 Bc4 27. a3 Kg7 28. Be2 b5 29. Kg2 f5 30. a4 a6 31. axb5 axb5 32.
Bxc4 bxc4 33. h3 f4 34. gxf4 gxf4 35. Kf3 fxe3 36. fxe3 Rf8+ 37. Ke2 Rg6 0-1

[Event "*** Titled Tuesday 3|2 Blitz (Late)"]
[Site "Chess.com"]
[Date "2017.01.03"]
[Round "6"]
[White "fpawn"]
[Black "AndrBaryshpolets"]
[Result "0-1"]
[WhiteElo "2212"]
[BlackElo "2458"]
[TimeControl "180+2"]
[EndTime "18:09:42 PST"]
[Termination "AndrBaryshpolets won by resignation"]

1. e4 e5 2. Nf3 Nc6 3. d4 exd4 4. Nxd4 Nf6 5. Nxc6 bxc6 6. e5 Qe7 7. Qe2 Nd5 8.
c4 Nb6 9. Nc3 Qe6 10. f4 a5 11.
Qe4 Ba6 12. Bd3 Bxc4 13. O-O Bc5+ 14. Kh1 Bxd3 15. Qxd3 O-O 16. Ne4 Be7 17. Bd2 d5 18. Ng3 c5 19. Rae1 f5 20. exf6 Qxf6 21. f5 Bd6 22. Re6 Qh4 23. Bc3 d4 24. Be1 Kh8 25. Re4 Qf6 26. Nh5 Qg5 27. Qh3 Nd5 28. Rg4 Rxf5 29.
Bf2 Qxh5 0-1

[Event "*** Titled Tuesday 3|2 Blitz (Late)"]
[Site "Chess.com"]
[Date "2017.01.03"]
[Round "6"]
[White "VerdeNotte"]
[Black "Fh2411"]
[Result "1-0"]
[WhiteElo "2497"]
[BlackElo "2380"]
[TimeControl "180+2"]
[EndTime "18:09:43 PST"]
[Termination "VerdeNotte won by resignation"]

1. g3 d5 2. Bg2 c6 3. Nf3 Bf5 4. b3 Nf6 5. Bb2 e6 6. O-O h6 7. c4 Be7 8. Nc3 O-O 9. d3 a5 10.
Qc2 Na6 11. a3 Nc5 12. b4 Na6 13. b5 Nc5 14. bxc6 bxc6 15. Nd4 dxc4 16. Nxf5 exf5 17. dxc4 Qc8 18. Na4 Nxa4 19. Qxa4 Ne4 20. Rad1 Qe6 21. Qc2 Rfd8 22. g4 Rxd1 23. Rxd1 g6 24. gxf5 gxf5 25.
Qd3 Kh7 26. Qf3 Bc5 27. e3 Rg8 28. Kh1 Rg5 29. Rd8 Be7 30. Rh8+ Kg6 31. h4 Rg4 32.
Rg8+ Kh5 33. Rxg4 fxg4 34. Qxe4 Qd6 35. Qe5+ Qxe5 36. Bxe5 1-0

[Event "*** Titled Tuesday 3|2 Blitz (Late)"]
[Site "Chess.com"]
[Date "2017.01.03"]
[Round "6"]
[White "Frolik67"]
[Black "MrReinberg"]
[Result "1-0"]
[WhiteElo "2325"]
[BlackElo "2266"]
[TimeControl "180+2"]
[EndTime "18:09:59 PST"]
[Termination "Frolik67 won by checkmate"]

1. e4 c5 2. Nf3 g6 3. d4 cxd4 4.
Nxd4 Nf6 5. f3 d6 6. c4 Bg7 7. Nc3 O-O 8. Be3 Nc6 9. Be2 Nxd4 10. Bxd4 Be6 11. Qd2 Qa5 12. b3 Rfc8 13. O-O a6 14.
Rfd1 b5 15. cxb5 axb5 16. Nxb5 Qxd2 17. Rxd2 Nd7 18. Bxg7 Kxg7 19. Nd4 Nc5 20. b4 Na4 21. Bb5 Nc3 22. Bc6 Ra3 23. b5 Bxa2 24. b6 e5 25. b7 Rb8 26. Nb5 Nxb5 27. Rdxa2 Rxa2 28. Rxa2 Nc7 29. Ra8 Nxa8 30. bxa8=Q Rxa8 31. Bxa8 f5 32. Bd5 Kf6 33. Kf2 Kg5 34. Ke3 h5 35. Kd3 Kf4 36. Bf7 Kg5 37. Kc4 h4 38. Kd5 h3 39. g3 f4 40. g4 Kh4 41. Bxg6 Kg5 42. Bf5 Kh4 43. Kxd6 Kg5 44. Kxe5 Kh4 45. Kd6 Kg5 46. e5 Kh4 47. e6 Kg5 48. e7 Kf6 49. e8=Q Kg7 50. Ke5 Kh6 51. Qg6# 1-0

[Event "*** Titled Tuesday 3|2 Blitz (Late)"]
[Site "Chess.com"]
[Date "2017.01.03"]
[Round "6"]
[White "yurisolo"]
[Black "platy3"]
[Result "1-0"]
[WhiteElo "2466"]
[BlackElo "2591"]
[TimeControl "180+2"]
[EndTime "18:10:10 PST"]
[Termination "yurisolo won by checkmate"]

1. e4 c5 2. Nf3 e6 3. d4 cxd4 4.
Nxd4 Nf6 5. Nc3 d6 6. Be3 a6 7. f3 b5 8. Qd2 Nbd7 9. O-O-O Bb7 10. g4 h6 11. h4 b4 12. Na4 Qa5 13. b3 Nc5 14. a3 Nxa4 15. axb4 Qc7 16. bxa4 d5 17.
e5 Nd7 18. f4 Nb6 19. Rh3 Rc8 20. Bf2 Nc4 21. Qc3 a5 22. Bxc4 dxc4 23. Nb5 Qc6 24. bxa5 Qg2 25. Qd4 Bd5 26. Rg3 Qh2 27. Nd6+ Bxd6 28.
exd6 O-O 29. Qe3 Qxh4 30. g5 Qh5 31. Rdg1 hxg5 32. Rxg5 Qh6 33. Qg3 g6 34. Bd4 c3 35.
Qe3 Rc4 36. Qe5 Rxa4 37. Bxc3 Kh7 38. Rh5 Qxh5 39. Qg7# 1-0

[Event "*** Titled Tuesday 3|2 Blitz (Late)"]
[Site "Chess.com"]
[Date "2017.01.03"]
[Round "6"]
[White "MateusViageiro"]
[Black "Dr-Bassem"]
[Result "0-1"]
[WhiteElo "2317"]
[BlackElo "2649"]
[TimeControl "180+2"]
[EndTime "18:10:11 PST"]
[Termination "Dr-Bassem won by checkmate"]

1. e4 e5 2. Nf3 Nc6 3. Bb5 a6 4. Ba4 Nf6 5. Bxc6 dxc6 6. d3 Bd6 7. Nbd2 Be6 8. Qe2 Nd7 9. Nc4 Qe7 10. Bd2 O-O-O 11. Bc3 f6 12. a4 g5 13. d4 Bxc4 14. Qxc4 exd4 15. Qxd4 Bc5 16. Qc4 Rhe8 17. Nd2 f5 18. f3 Nb6 19. Qe2 Nd5 20. O-O-O Ba3 21. Nc4 Nxc3 22. Rxd8+ Rxd8 23. Qe3 Na2+ 24. Kb1 Bc5 25. Qb3 Nb4 26. exf5 Qe2 27. f6 Qd1+ 28.
Rxd1 Rxd1# 0-1

[Event "*** Titled Tuesday 3|2 Blitz (Late)"]
[Site "Chess.com"]
[Date "2017.01.03"]
[Round "6"]
[White "Hamisandwich"]
[Black "MFBerna"]
[Result "1-0"]
[WhiteElo "2393"]
[BlackElo "2219"]
[TimeControl "180+2"]
[EndTime "18:10:11 PST"]
[Termination "Hamisandwich won by resignation"]

1. a3 e5 2. d3 d5 3. Nf3 Nc6 4. e4 dxe4 5. dxe4 Qxd1+ 6. Kxd1 Nf6 7.
Bd3 Bc5 8. Ke2 h6 9. h3 Be6 10. Be3 Bxe3 11. Kxe3 a6 12. Nbd2 O-O-O 13. b4 Ne8 14.
Rab1 Nd6 15. c4 f5 16. b5 axb5 17. cxb5 f4+ 18. Ke2 Nd4+ 19. Nxd4 exd4 20. Rhc1 Nf7 21. Nf3 g5 22. Rb4 g4 23. Nxd4 f3+ 24. gxf3 gxf3+ 25. Nxf3 Bxh3 26. Ke3 Bg4 27. Nd4 Ne5 28. Bf1 Bd7 29.
Be2 Rde8 30. f4 Nf7 31. Rbc4 Kd8 32. Rxc7 Nd6 33. e5 Rhg8 34. Bf3 Nxb5 35. Nxb5 Bxb5 36. Rxb7 Bd7 37. Rd1 1-0

[Event "*** Titled Tuesday 3|2 Blitz (Late)"]
[Site "Chess.com"]
[Date "2017.01.03"]
[Round "6"]
[White "stalyansky"]
[Black "josiwales"]
[Result "0-1"]
[WhiteElo "1093"]
[BlackElo "2238"]
[TimeControl "180+2"]
[EndTime "18:10:16 PST"]
[Termination "josiwales won by resignation"]

1. e4 c5 2. Nf3 Nc6 3. Bb5 Na5 4.
O-O a6 5. Be2 b5 6. d4 e6 7. a4 b4 8. c3 Bb7 9. dxc5 Bxc5 10.
cxb4 Bxb4 11. Qd4 Bf8 12. Nc3 Nc6 13. Qd1 d6 14. Bg5 Be7 15. Bf4 Nf6 16. e5 dxe5 17. Nxe5 O-O 18. Nxc6 Bxc6 19. Rc1 Qa5 20. Bf3 Bxf3 21.
Qxf3 Rad8 22. Rfe1 Bb4 23. Be5 Nd5 24. Qg3 f6 25. Nxd5 Qxd5 26. Bc7 Bxe1 27. Bxd8 Bd2 28. Rc7 Bh6 29. h4 Rxd8 30. Ra7 Qd1+ 31. Kh2 Qd4 32. Qf3 Qxa7 0-1

[Event "*** Titled Tuesday 3|2 Blitz (Late)"]
[Site "Chess.com"]
[Date "2017.01.03"]
[Round "6"]
[White "FLchessplayer"]
[Black "Ez_Chess2016"]
[Result "1-0"]
[WhiteElo "2107"]
[BlackElo "1977"]
[TimeControl "180+2"]
[EndTime "18:10:24 PST"]
[Termination "FLchessplayer won by checkmate"]

1. d4 Nf6 2. f3 c5 3. d5 e6 4. c4 exd5 5. cxd5 g6 6. Nc3 Bg7 7. e4 O-O 8. Bf4 d6 9. Qd2 a6 10. a4 Re8 11. Bc4 Nbd7 12. Nge2 Ne5 13. b3 Rb8 14. Rb1 Bd7 15. O-O b5 16. axb5 axb5 17. Bxe5 Rxe5 18. Bd3 b4 19. Nd1 Ra8 20. Ne3 Bh6 21. Rfe1 Nxd5 22. Ng3 Nxe3 23. Rxe3 Qb6 24. Bc4 d5 25. Bxd5 c4 26. Nf1 c3 27. Qf2 Bxe3 28. Nxe3 Ra3 29. Kh1 Be6 30. Qe2 Bxd5 31. Nxd5 Qb7 32.
Qc4 Kg7 33. h3 Re6 34. Nxb4 c2 35. Nxc2 Raa6 36. Qd4+ f6 37. Ne3 Red6 38. Nd5 Qa7 39. Qb2 Ra2 40. Qc3 Qf2 41. Rg1 Rc2 42. Qb4 Rcc6 43.
Qb7+ Kh6 44. Qe7 Re6 45. Qf8+ Kh5 46. Qg7 h6 47. g4+ Kh4 48. Qxh6# 1-0

[Event "*** Titled Tuesday 3|2 Blitz (Late)"]
[Site "Chess.com"]
[Date "2017.01.03"]
[Round "6"]
[White "yian123"]
[Black "LazarusIcarus"]
[Result "1-0"]
[WhiteElo "2381"]
[BlackElo "2127"]
[TimeControl "180+2"]
[EndTime "18:10:30 PST"]
[Termination "yian123 won by resignation"]

1. e4 e5 2. Nf3 Nc6 3. Bb5 a6 4. Ba4 Nf6 5. O-O b5 6. Bb3 Bb7 7. d3 Be7 8. a3 O-O 9. Nc3 h6 10.
Nd5 Nxd5 11. Bxd5 d6 12. d4 Qc8 13. dxe5 Nxe5 14. Re1 Bf6 15. Nd4 c6 16. Ba2 Rd8 17.
Nf5 d5 18. Qe2 d4 19. f4 d3 20. cxd3 Nxd3 21. Rd1 Nxc1 22. Raxc1 c5 23. Nd6 Rxd6 24.
Rxd6 c4 25. e5 Be7 26. Rdd1 Bc5+ 27. Kh1 Qf5 28. Rf1 Rd8 29. Bb1 Qc8 30. Be4 Rd4 31. Bxb7 Qxb7 32. Rcd1 Qd7 33. Rxd4 Qxd4 34. Rd1 Qxf4 35. e6 fxe6 36. Qxe6+ Kh7 37. Qd5 Qe3 38.
Qf5+ g6 39. Qf7+ 1-0

[Event "*** Titled Tuesday 3|2 Blitz (Late)"]
[Site "Chess.com"]
[Date "2017.01.03"]
[Round "6"]
[White "Izoria123"]
[Black "chito89"]
[Result "0-1"]
[WhiteElo "2439"]
[BlackElo "2511"]
[TimeControl "180+2"]
[EndTime "18:10:35 PST"]
[Termination "chito89 won by resignation"]

1. Nf3 Nf6 2. c4 e6 3. Nc3 Bb4 4. Qc2 O-O 5. a3 Bxc3 6. Qxc3 b6 7. e3 Bb7 8. Be2 d6 9. b4 e5 10. Bb2 Ne4 11. Qc2 Ng5 12. h4 Nxf3+ 13. gxf3 Nd7 14. O-O-O a5 15. b5 c6 16. bxc6 Bxc6 17. d4 Rc8 18. dxe5 dxe5 19. Bxe5 Re8 20. Bb2 Qe7 21. Rhg1 f6 22. Rg3 Kh8 23. Rdg1 Rg8 24. Bd3 Bd5 25. Kb1 Ne5 26. Bf5 Bxc4 27. Ka1 Be6 28. Qb1 Bxf5 29. Qxf5 Nc4 30. Rg4 Nxb2 31. Kxb2 Rc5 32. Qd3 Rgc8 33. Rxg7 Qe5+ 34. Kb1 Rb5+ 35. Qxb5 Qxb5+ 36. Ka1 Qb3 37. h5 Rc2 0-1

[Event "*** Titled Tuesday 3|2 Blitz (Late)"]
[Site "Chess.com"]
[Date "2017.01.03"]
[Round "6"]
[White "Anton_Demchenko"]
[Black "Divertissement"]
[Result "0-1"]
[WhiteElo "2630"]
[BlackElo "2448"]
[TimeControl "180+2"]
[EndTime "18:10:46 PST"]
[Termination "Divertissement won by resignation"]

1. e4 c6 2. Nc3 d5 3. Nf3 Nf6 4. e5 d4 5. exf6 dxc3 6. fxg7 cxd2+ 7. Qxd2 Qxd2+ 8. Bxd2 Bxg7 9. O-O-O Bg4 10. Be2 Nd7 11.
Rhe1 h6 12. Be3 O-O-O 13. Nd4 Bxe2 14. Rxe2 e6 15. Nf3 Nb6 16. Bd4 Bxd4 17. Rxd4 Rhg8 18. g3 Rxd4 19. Nxd4 Kd7 20. Re4 Ke7 21. Rh4 Rg6 22. Ne2 e5 23. Rb4 Kd6 24. a3 Rf6 25. f4 h5 26. Kd2 c5 27. Re4 Nd7 28. Ke3 Re6 29. Kf2 f5 30. Rc4 b5 31. Rc3 e4 32. Re3 Nf6 33. Nc3 Ng4+ 34. Ke2 Nxe3 35. Kxe3 Kc6 36. Nd1 Rd6 37. Nf2 a5 38. h3 Rg6 39. Nh1 b4 40. axb4 cxb4 41. Kd4 a4 42. Kc4 a3 43. bxa3 bxa3 44. Kb3 e3 0-1

[Event "*** Titled Tuesday 3|2 Blitz (Late)"]
[Site "Chess.com"]
[Date "2017.01.03"]
[Round "6"]
[White "Abrito99"]
[Black "boredoldman"]
[Result "0-1"]
[WhiteElo "2354"]
[BlackElo "2522"]
[TimeControl "180+2"]
[EndTime "18:10:48 PST"]
[Termination "boredoldman won by resignation"]

1. e4 c5 2. Nf3 d6 3. Bb5+ Bd7 4.
Bxd7+ Qxd7 5. O-O Nf6 6. Re1 Nc6 7. c3 e6 8. d4 cxd4 9. cxd4 d5 10. e5 Ne4 11. a3 Be7 12. Nbd2 Nxd2 13. Bxd2 O-O 14. Rc1 Rac8 15. Rc3 b5 16. Rd3 b4 17. a4 a5 18. h4 h6 19. h5 Bd8 20. Nh2 Ne7 21. g4 Bb6 22. b3 Qa7 23. Nf3 Qa6 24. Qb1 Rc6 25. Kh2 Rfc8 26. Rg1 Rc2 27. Ne1 Qxd3 28. Nxd3 Rxd2 29. Rd1 Re2 30. Rc1 Rc3 31. Re1 Rd2 32. Rd1 Rcxd3 33. Rxd2 Rxd2 34. Qc1 Rxf2+ 35. Kg3 Bxd4 36. Qc7 g5 37. Qd8+ Kg7 38. Qxe7 Rf1 39.
Qc7 Rb1 40. Qxa5 Rxb3+ 41. Kg2 Bxe5 42. Qb5 Rg3+ 43. Kf2 b3 44. a5 b2 45. a6 Ra3 46.
Ke2 Ra1 47. a7 Rxa7 48. Kd3 Ra1 0-1

[Event "*** Titled Tuesday 3|2 Blitz (Late)"]
[Site "Chess.com"]
[Date "2017.01.03"]
[Round "6"]
[White "Alexander_Moskalenko"]
[Black "penguingm1"]
[Result "1-0"]
[WhiteElo "2694"]
[BlackElo "2677"]
[TimeControl "180+2"]
[EndTime "18:10:52 PST"]
[Termination "Alexander_Moskalenko won by resignation"]

1. d4 d5 2. Bf4 Nf6 3. e3 e6 4. Nf3 c5 5. c3 Nc6 6. Nbd2 Bd6 7. Bg3 O-O 8. Bb5 Ne7 9. Bd3 b6 10.
e4 c4 11. Bc2 dxe4 12. Nxe4 Nxe4 13. Bxe4 Nd5 14. O-O Bb7 15. Bxd6 Qxd6 16. Ne5 Rac8 17. Qe2 Qc7 18. f4 Ne7 19. Bc2 b5 20. a3 Rfe8 21. Bxh7+ Kxh7 22. Qh5+ Kg8 23. Qxf7+ Kh7 24. Qh5+ Kg8 25.
Qf7+ Kh7 26. Rae1 Nf5 27. Qh5+ Kg8 28. g4 Nh6 29. Re3 Rf8 30. Rh3 Rcd8 31. g5 Rf5 32. Qg6 Nf7 33. Qh7+ Kf8 34. Ng6+ Ke8 35. Qxg7 Qc6 36.
Rff3 Qd6 37. Rf2 Bc6 38. Rh7 Qd5 39. Qf8+ Kd7 40. Rxf7+ Kc8 41. Ne7+ Kc7 42. Nxd5+ 1-0

[Event "*** Titled Tuesday 3|2 Blitz (Late)"]
[Site "Chess.com"]
[Date "2017.01.03"]
[Round "6"]
[White "FastChance"]
[Black "jk13"]
[Result "0-1"]
[WhiteElo "2486"]
[BlackElo "2533"]
[TimeControl "180+2"]
[EndTime "18:11:00 PST"]
[Termination "jk13 won by checkmate"]

1. e4 e5 2. Nf3 Nc6 3. d4 exd4 4. Bc4 Nf6 5. e5 d5 6. Bb5 Ne4 7. Nxd4 Bd7 8. Bxc6 bxc6 9. O-O Be7 10. f3 Nc5 11.
f4 Ne4 12. Nc3 Nxc3 13. bxc3 O-O 14. Be3 c5 15. Nb3 c4 16. Nd4 c5 17. Ne2 Bg4 18. Rf2 Qd7 19. h3 Bxe2 20. Rxe2 Rfd8 21. Rd2 Bf8 22. Qf3 Qa4 23. Qf2 Qa3 24. Rad1 d4 25. cxd4 cxd4 26. Rxd4 Rxd4 27. Bxd4 c3 28. Qf3 Rd8 29. Kh2 Rc8 30. Qd5 Qa6 31. Rb1 Qh6 32. g3 Qg6 33. Qg2 a5 34. Qf2 Qe4 35. f5 Rd8 36. Bxc3 Rc8 37. Re1 Qa4 38. Ba1 Qxa2 39. Qe3 Rxc2+ 40. Kg1 Rg2+ 41. Kf1 Rh2 42. Qg1 Bc5 43.
Rd1 h5 44. e6 Qe2# 0-1

[Event "*** Titled Tuesday 3|2 Blitz (Late)"]
[Site "Chess.com"]
[Date "2017.01.03"]
[Round "6"]
[White "eltenedor"]
[Black "calemcc"]
[Result "0-1"]
[WhiteElo "2006"]
[BlackElo "2221"]
[TimeControl "180+2"]
[EndTime "18:11:00 PST"]
[Termination "calemcc won on time"]

1. c4 e6 2. g3 d5 3. d4 c6 4. Nf3 dxc4 5. Bg2 b5 6. O-O Bb7 7.
a4 a6 8. Nc3 Nd7 9. e4 Ngf6 10.
d5 cxd5 11. exd5 Nxd5 12. axb5 Nxc3 13. bxc3 axb5 14. Rb1 Qb6 15. Nd4 Bxg2 16. Kxg2 Be7 17. Rxb5 Qc7 18. Qf3 O-O 19. Rh5 Nf6 20. Bf4 Bd6 21.
Nb5 Bxf4 22. Nxc7 Bxc7 23. Rc5 Be5 24. Rxc4 Nd5 25. Re1 Bf6 26. Rc6 Ra3 27. Rc1 h6 28. g4 Rb8 29. h3 Rb2 30. Rc8+ Kh7 31. Rc2 Raa2 32. Qe4+ g6 33. Rxb2 Rxb2 34. c4 Nc3 35. Qc6 Nd1 36. Qe8 Rxf2+ 37. Kg1 h5 38. Qxf7+ Kh6 39.
Rg8 Bg7 40. Qxe6 hxg4 41. hxg4 Rf4 42. g5+ Kxg5 43. Rxg7 Rg4+ 44. Kf1 Kh4 45. Rh7+ Kg3 46. Qe1+ Kf4 47. Qxd1 Kg5 48. Rg7 Rf4+ 0-1

[Event "*** Titled Tuesday 3|2 Blitz (Late)"]
[Site "Chess.com"]
[Date "2017.01.03"]
[Round "6"]
[White "jcgs1030"]
[Black "AllStarShark"]
[Result "1-0"]
[WhiteElo "2320"]
[BlackElo "2218"]
[TimeControl "180+2"]
[EndTime "18:11:17 PST"]
[Termination "jcgs1030 won by checkmate"]

1. d4 d5 2. Nf3 Nf6 3. c4 dxc4 4. e3 Bg4 5. Bxc4 e6 6. O-O Bd6 7.
Qb3 Bxf3 8. gxf3 Nbd7 9. Qxb7 O-O 10. f4 Nb6 11. Be2 Nfd5 12. Nc3 Qd7 13. Nxd5 exd5 14.
Bd2 a6 15. Rfc1 Rfb8 16. Qc6 Qh3 17. Bf1 Qg4+ 18. Bg2 Rd8 19. b3 g5 20. fxg5 Qxg5 21. f4 Qg4 22. Rf1 Kh8 23. Rf3 Rg8 24. Rg3 Qe2 25. Be1 Rxg3 26. hxg3 Qxe3+ 27. Bf2 Qd2 28. Bxd5 Rg8 29. Bxf7 Rxg3+ 30. Bxg3 Qxd4+ 31. Kh2 Qxa1 32.
Qe8+ Kg7 33. Qg8+ Kf6 34. Qh8+ Kxf7 35. Qxa1 Nd5 36. Qb1 Nxf4 37. Qxh7+ Ke6 38. Qh6+ Kf5 39. Qh7+ Kg4 40. Bxf4 Kxf4 41. Kg2 Ke3 42. Qc2 a5 43. Qc4 Kd2 44. Qd5+ Kc2 45. Qxa5 Kb2 46. Qa4 Kc3 47. Kf3 Bb4 48. Ke2 c5 49. Kd1 Kb2 50. Qa6 Ba3 51. Qe2+ Ka1 52. Kc2 Kxa2 53. Qa6 c4 54. bxc4 Ka1 55.
Qxa3# 1-0

[Event "*** Titled Tuesday 3|2 Blitz (Late)"]
[Site "Chess.com"]
[Date "2017.01.03"]
[Round "6"]
[White "severomorskij"]
[Black "sandromareco"]
[Result "1-0"]
[WhiteElo "2602"]
[BlackElo "2433"]
[TimeControl "180+2"]
[EndTime "18:11:19 PST"]
[Termination "severomorskij won by resignation"]

1. d4 Nf6 2. Bg5 e6 3. e4 h6 4. Bxf6 Qxf6 5. c3 d6 6. Bd3 e5 7. Ne2 g6 8. O-O Bg7 9. f4 Qe7 10. Nd2 O-O 11. Nf3 Nd7 12. Qd2 a5 13. Rae1 a4 14.
a3 b6 15. h3 Bb7 16. Ng3 exd4 17. cxd4 c5 18. d5 Rfb8 19. Kh2 b5 20. Bxb5 Ba6 21. Bxa6 Rxa6 22. e5 dxe5 23. f5 Rab6 24. fxg6 Rxb2 25. Nf5 Qf6 26. gxf7+ Kh8 27. Qd3 c4 28. Qe4 Qxf7 29. N3h4 Nc5 30. Qxc4 Nb3 31. Nxh6 Qh5 32. Nf7+ Kg8 33.
Rf5 Qh7 34. d6 Nd2 35. Nh6+ Kh8 36. Nf7+ Kg8 37. Qg4 Rf8 38. d7 e4 39. Ng5 Rxf5 40. Nxh7 1-0

[Event "*** Titled Tuesday 3|2 Blitz (Late)"]
[Site "Chess.com"]
[Date "2017.01.03"]
[Round "6"]
[White "SabinaFoisor"]
[Black "bugsbunny444"]
[Result "0-1"]
[WhiteElo "2227"]
[BlackElo "2335"]
[TimeControl "180+2"]
[EndTime "18:11:26 PST"]
[Termination "bugsbunny444 won by resignation"]

1. d4 e6 2. c4 b6 3. e4 Bb7 4. Bd3 Bb4+ 5. Nc3 f5 6. Qh5+ g6 7.
Qe2 Nf6 8. Bg5 fxe4 9. Bxf6 exd3 10. Qe5 Nc6 11. Qg5 Be7 12. Bxe7 Qxe7 13. Qxe7+ Nxe7 14. f3 Nf5 15. O-O-O Ne3 16. Rxd3 Nxg2 17. Nh3 O-O 18. Rg1 Nf4 19. Nxf4 Rxf4 20. Rg3 Raf8 21. Ne2 Rxf3 22. Rdxf3 Rxf3 23. Rxf3 Bxf3 24. Nf4 Kf7 25. Kd2 g5 26. Nd3 d6 27. Ke3 Bg2 28. Nb4 Bb7 29.
a3 a5 30. Nd3 Kg6 31. b4 axb4 32. axb4 Kf5 33. c5 Kg4 34. Nb2 bxc5 35. bxc5 dxc5 36. dxc5 Kh3 37. Nc4 Kxh2 38. Ne5 Bd5 39. Ng4+ Kg3 40. Nf6 h6 41. Kd4 Kf4 42. Nh5+ Kf5 43. Ng7+ Kf4 44.
Nh5+ Kf3 45. Ke5 g4 46. c6 g3 47. Nf4 g2 48. Nxg2 Kxg2 49. Kf6 Bxc6 50. Kxe6 Bf3 51. Kf5 h5 52. Kg5 Kg3 53. Kf5 h4 54. Kg5 h3 55.
Kg6 h2 0-1

[Event "*** Titled Tuesday 3|2 Blitz (Late)"]
[Site "Chess.com"]
[Date "2017.01.03"]
[Round "6"]
[White "Mornar1951"]
[Black "aspired"]
[Result "0-1"]
[WhiteElo "2569"]
[BlackElo "2483"]
[TimeControl "180+2"]
[EndTime "18:11:45 PST"]
[Termination "aspired won by resignation"]

1. Nf3 Nf6 2. c4 c5 3. Nc3 Nc6 4. g3 g6 5. Bg2 Bg7 6. d4 cxd4 7. Nxd4 O-O 8. O-O Qa5 9. Nb3 Qh5 10. e4 d6 11. Qxh5 Nxh5 12. Bd2 Be6 13. c5 Bxb3 14. axb3 dxc5 15. Nd5 Bxb2 16. Rab1 Bd4 17. Rfc1 e6 18. Nc7 Rac8 19. Nb5 Rfd8 20. Nxd4 Nxd4 21. Kf1 b6 22. b4 cxb4 23. Bxb4 e5 24. Bh3 Ne6 25. Rxc8 Rxc8 26. Bd6 Nf6 27. Re1 Nd7 28. Ra1 a5 29. Rb1 Rc6 30. Be7 Kg7 31. Rd1 Ndc5 32. Bd6 f6 33. f4 exf4 34. gxf4 Nxe4 35. Bb8 f5 36. Rd7+ Kh6 37.
Be5 a4 38. Ke1 Rc1+ 39. Ke2 Rc2+ 40. Ke3 Rxh2 41. Bf1 a3 42. Bc4 N4c5 43. Ra7 Rh3+ 44. Kf2 g5 45. Re7 Nxf4 46. Bg8 Ncd3+ 47. Kg1 Nxe5 48.
Rxe5 Kg7 49. Bc4 Rc3 0-1